 Dungeon Crawl Stone Soup version 0.18.1-48-g4cf74bf (webtiles) character file.

36 Alarkh the Shooter (level 3, -3/27 HPs)
             Began as a Mummy Hunter on Aug 12, 2016.
             Slain by a gnoll
             ... wielding a +0 spear
              (12 damage)
             ... on level 2 of the Dungeon.
             The game lasted 00:02:42 (2219 turns).

Alarkh the Shooter (Mummy Hunter)                   Turns: 2219, Time: 00:02:43

Health: -3/27      AC:  3    Str: 15    XL:     3   Next: 19%
Magic:  0/3        EV: 11    Int: 11    God:
Gold:   108        SH:  0    Dex: 12    Spells: 0 memorised, 2 levels left

rFire  . . .     SeeInvis .     a - +1 shortbow
rCold  + + .     Gourm    .     c - +0 leather armour
rNeg   + + +     Faith    .     (shield currently unavailable)
rPois  ∞         Spirit   +     (no helmet)
rElec  .         Dismiss  .     (no cloak)
rCorr  .         Reflect  .     (no gloves)
SustAt .         Harm     .     (no boots)
MR     .....                    g - amulet of guardian spirit
Stlth  +.........               m - ring of protection from fire
                                k - ring of protection from cold

@: not resistant to hostile enchantments, very unstealthy
A: no food or potions, fire vulnerability, cold resistance 1, negative energy
resistance 3, torment resistance, unbreathing
a: no special abilities


You were on level 2 of the Dungeon.
You were not hungry.

You visited 1 branch of the dungeon, and saw 3 of its levels.

You collected 140 gold pieces.
You paid 32 gold pieces to Gozag.

Inventory:

Hand Weapons
 a - a +1 shortbow (weapon)
 b - a +0 short sword
Missiles
 d - 9 arrows (quivered)
Armour
 c - a +0 leather armour (worn)
Jewellery
 g - an amulet of guardian spirit (around neck)
 k - a ring of protection from cold (left hand)
 m - a ring of protection from fire (right hand)
 n - an uncursed ring of teleportation
Wands
 l - a wand of random effects (26/48)
Scrolls
 e - a scroll of identify
 f - 2 scrolls of remove curse
 h - 2 scrolls of teleportation {unknown}
 i - 2 scrolls of immolation {unknown}
 j - a scroll of noise {unknown}


   Skills:
 - Level 2.0 Fighting
 + Level 4.2 Bows
 - Level 1.5 Dodging
 - Level 0.7 Stealth


You had 2 spell levels left.
You didn't know any spells.

Dungeon Overview and Level Annotations

Branches:
Dungeon (3/15)

Altars:
Cheibriados
Gozag
Nemelex Xobeh
Pakellas
Vehumet


Innate Abilities, Weirdness & Mutations

You do not eat or drink.
Your flesh is vulnerable to fire.
You are immune to poison.
Your flesh is cold resistant.
You are immune to negative energy.
You are immune to unholy pain and torment.
You can survive without breathing.


Message History

The gnoll is moderately wounded.
The gnoll hits you with a spear!
The gnoll rages.
The gnoll barely misses you. The gnoll barely misses you.
The gnoll hits you with a spear!
You climb upwards.
There is a stone staircase leading down here.
You are too injured to fight recklessly!
You are too injured to fight recklessly!
You are too injured to fight recklessly!
You are too injured to fight recklessly!
You are too injured to fight recklessly!
You are too injured to fight recklessly!
Firing (i - inventory):
d - 10 arrows (quivered)
Press: ? - help, Shift-Dir - straight line, f - gnoll
Aim: a gnoll, wielding a spear (moderately wounded, berserk, fast, unusually strong, incited by Gozag)
You shoot an arrow. The arrow hits the gnoll.
The gnoll is severely wounded.
The gnoll closely misses you. The gnoll hits you with a spear!
You die...

...## #.# #.# #..
..## ######.#
#.#####.#
..######<.....#
#........
.........######
#######..
#.######## #.# #.#
#.. #.### ######
....# ########
######....# #.#.#
#...g@.#
#..........
#.#.########.####.#
#.#####.#.#
..............# #.#
#.# #.#.#
#.#.########..# #.#
#.# #.... ....#
#..# #.# #.# #.#.#
....# #..###.#
#.#####.... ...##
#......#
#.........# #.##
##.#####
###.####### #.# #.#
#.#


You could see a gnoll (berserk).

Vanquished Creatures
  2 dart slugs (D:2)
  A giant gecko (D:1)
  2 giant cockroaches (D:1)
  4 goblins
  A hobgoblin (D:1)
  2 jackals (D:1)
  8 kobolds
  4 bats
  2 giant newts
  3 rats
29 creatures vanquished.

Notes
Turn   | Place    | Note
--------------------------------------------------------------
     0 | D:1      | Alarkh the Mummy Hunter began the quest for the Orb.
     0 | D:1      | Reached XP level 1. HP: 16/16 MP: 1/1
    72 | D:1      | Reached XP level 2. HP: 20/22 MP: 2/2
   682 | D:1      | Reached skill level 4 in Bows
   989 | D:2      | Found a radiant altar of Vehumet.
  1041 | D:2      | Found a snail-covered altar of Cheibriados.
  1050 | D:2      | Found an opulent altar of Gozag.
  1110 | D:2      | Became a worshipper of Gozag Ym Sagoz the Greedy
  1236 | D:2      | Found a faded altar to an unknown god.
  1255 | D:2      | Fell from the grace of Gozag
  1255 | D:2      | Became a worshipper of Pakellas the Inventive
  1255 | D:2      | Reached * piety under Pakellas
  1255 | D:2      | Received a gift from Pakellas
  1256 | D:2      | Fell from the grace of Pakellas
  1592 | D:2      | Reached XP level 3. HP: 20/27 MP: 0/3
  1942 | D:2      | Found a sparkling altar of Nemelex Xobeh.
  2219 | D:2      | Slain by a gnoll

Skill      XL: |  1  2 |
---------------+-------+-----
Bows           | 4 |  4.2
Fighting       | |  2.0
Dodging        | |  1.5
Stealth        | |  0.7

Action                   || total
-------------------------++-------
Melee: Short sword       ||    87
 Fire: Shortbow          ||    48
Invok: Renounce Religion ||     1
  Use: Scroll            ||     2
Armor: Leather armour    ||    55
Dodge: Dodged            ||   106
